 Dungeon Crawl Stone Soup version 0.30-a0-715-gdb4ae3ece1 (webtiles) character file.

Game seed: 14960315817233775547

532659 browni3141 the Purifying Naga (level 26, -3/306 HPs)
             Began as a Naga Summoner on Jan 24, 2023.
             Was a High Priest of Elyvilon.
             Succumbed to a vampire knight's poison
             ... on level 3 of the Crypt.
             The game lasted 02:46:47 (59058 turns).

browni3141 the Purifying Naga (Naga Summoner)      Turns: 59058, Time: 02:46:47

Health: -3/306     AC: 32    Str: 20    XL:     26   Next: 27%
Magic:  37/37      EV: 18    Int: 43    God:    Elyvilon [*****.]
Gold:   2412       SH: 28    Dex: 30    Spells: 0/45 levels left

rFire   . . .      SeeInvis +    a - +10 trident of the Dark Horse {heavy, rN+ Int+4}
rCold   + + .      Faith    .    v - +6 tower shield
rNeg    + . .      Spirit   .    f - +3 scale mail of Anuffi {Regen+ Int-4 Dex+7 Stlth+}
rPois   +          Reflect  .    C - +0 mask of the Dragon {Will+ Slay+3 SInv}
rElec   +          Harm     .    m - +1 cloak of Peek-a-Boo {Will+ Int+3}
rCorr   +          Rampage  .    X - +4 pair of gloves "Zeiczoonor" {Str+4 Dex+3}
Will    +++++                    W - +1 barding of the Weaver {rElec Str+4}
Stlth   ++                       G - amulet of magic regeneration
HPRegen 1.51/turn                L - ring of Fragile Peace {MP-9 Int+6 Dex+6}
MPRegen 0.65/turn                i - ring of Koydez {rElec rC+ rCorr Int+6 Dex+2}

@: lethally poisoned (-3 -> -60), divinely vigorous, silenced, on berserk
cooldown, slowed, studying 2 skills, very slow
A: AC +8, large, see invisible, deformed body, poison resistance, slowness 2,
spit poison 1, naga tail 2, clever 1, cold resistance 1, frail 1, sturdy frame 1
}: 2/15 runes: decaying, gossamer
a: Spit Poison, Renounce Religion


You were on level 3 of the Crypt.
You worshipped Elyvilon.
Elyvilon was extremely pleased with you.
You visited 10 branches of the dungeon, and saw 46 of its levels.
You also visited: Ossuary, Gauntlet and Ice Cave.

You collected 7558 gold pieces.
You spent 5146 gold pieces at shops.

Inventory:

Hand Weapons
 a - the +10 trident of the Dark Horse (weapon) {heavy, rN+ Int+4}
   (You found it on level 4 of the Dungeon)

   Int:       It affects your intelligence (+4).
   rN:        It protects you from negative energy.
 V - the +5 sling "Oqy Imun" {flame, rElec rC+ Int+2 SInv}
   (You found it on level 3 of the Elven Halls)

   Int:       It affects your intelligence (+2).
   rC:        It protects you from cold.
   rElec:     It insulates you from electricity.
   SInv:      It lets you see invisible.
Missiles
 O - 6 throwing nets
 P - 9 curare-tipped darts
Armour
 f - the +3 scale mail of Anuffi (worn) {Regen+ Int-4 Dex+7 Stlth+}
   (You bought it in a shop on level 2 of the Orcish Mines)

   Int:       It affects your intelligence (-4).
   Dex:       It affects your dexterity (+7).
   Regen:     It increases your rate of health regeneration.
   Stlth:     It makes you more stealthy.
 m - the +1 cloak of Peek-a-Boo (worn) {Will+ Int+3}
   (You found it on level 3 of the Vaults)

   Int:       It affects your intelligence (+3).
   Will:      It increases your willpower.
 v - a +6 tower shield (worn)
 C - the +0 mask of the Dragon (worn) {Will+ Slay+3 SInv}
   (You bought it in a shop on level 12 of the Dungeon)

   Slay:      It affects your accuracy & damage with ranged weapons and melee
   (+3).
   SInv:      It lets you see invisible.
   Will:      It increases your willpower.
 W - the +1 barding of the Weaver (worn) {rElec Str+4}
   (You acquired it on level 10 of the Dungeon)

   Str:       It affects your strength (+4).
   rElec:     It insulates you from electricity.
 X - the +4 pair of gloves "Zeiczoonor" (worn) {Str+4 Dex+3}
   (You bought it in a shop on level 11 of the Dungeon)

   Str:       It affects your strength (+4).
   Dex:       It affects your dexterity (+3).
Jewellery
 e - the ring "Zumiga" {Fly rF+ SInv}
   (You found it in a Gauntlet)

   [ring of flight]

   rF:        It protects you from fire.
   SInv:      It lets you see invisible.
   Fly:       It grants you flight.
 i - the ring of Koydez (right hand) {rElec rC+ rCorr Int+6 Dex+2}
   (You took it off a meliai on level 15 of the Dungeon)

   [ring of intelligence]

   Int:       It affects your intelligence (+6).
   Dex:       It affects your dexterity (+2).
   rC:        It protects you from cold.
   rElec:     It insulates you from electricity.
   rCorr:     It protects you from acid and corrosion.
 B - a ring of ice
 G - an amulet of magic regeneration (around neck)
 L - the ring of Fragile Peace (left hand) {MP-9 Int+6 Dex+6}
   (You bought it in a shop on level 11 of the Dungeon)

   [ring of intelligence]

   Int:       It affects your intelligence (+6).
   Dex:       It affects your dexterity (+6).
   MP:        It affects your magic capacity (-9).
 U - a ring of ice
Wands
 b - a wand of digging (6)
 w - a wand of quicksilver (8)
 y - a wand of charming (37)
 I - a wand of roots (24)
 M - a wand of polymorph (17)
Scrolls
 d - 3 scrolls of silence
 h - 11 scrolls of fog
 k - 9 scrolls of teleportation
 n - 3 scrolls of butterflies
 o - 10 scrolls of enchant weapon
 q - 4 scrolls of poison
 s - 5 scrolls of magic mapping
 x - 11 scrolls of noise
 E - 3 scrolls of immolation
 J - 3 scrolls of fear
 N - a scroll of enchant armour
 T - a scroll of brand weapon
 Y - 7 scrolls of vulnerability
Potions
 c - 10 potions of might
 g - 8 potions of flight
 j - 7 potions of haste
 p - 5 potions of heal wounds
 r - 12 potions of ambrosia
 t - 4 potions of resistance
 u - 8 potions of attraction
 z - 4 potions of lignification
 A - 4 potions of invisibility
 D - 7 potions of magic
 F - 15 potions of curing
 H - 8 potions of mutation
 K - 4 potions of berserk rage
 Q - 4 potions of brilliance
 R - 2 potions of cancellation
Miscellaneous
 l - a tin of tremorstones (2/2)
 S - a box of beasts
 Z - a condenser vane (inert)


   Skills:
 - Level 18.0 Fighting
 - Level 14.0 Polearms
 - Level 2.0 Ranged Weapons
 - Level 10.0 Armour
 * Level 14.9 Dodging
 - Level 3.0 Stealth
 * Level 12.4 Shields
 * Level 10.4 Spellcasting
 * Level 4.5 Hexes
 - Level 18.0 Summonings
 - Level 6.0 Translocations
 - Level 10.0 Air Magic
 - Level 18.0 Invocations
 - Level 8.0 Evocations


You couldn't memorise any spells.
You knew the following spells:

 Your Spells              Type           Power      Damage    Failure   Level
a - Summon Cactus Giant   Summ           54%        N/A       1%          6
b - Animate Armour        Summ/Erth      100%       N/A       1%          4
c - Call Canine Familiar  Summ           100%       N/A       0%          3
d - Summon Guardian Gole  Hex/Summ       88%        N/A       1%          3
e - Passage of Golubria   Tloc           65%        N/A       7%          4
f - Summon Lightning Spi  Summ/Air       97%        N/A       1%          4
g - Dragon's Call         Summ           54%        N/A       99%         9
h - Vhi's Electric Charg  Tloc/Air       100%       N/A       1%          3
i - Airstrike             Air            41%        2d(6-22)  1%          4
j - Silence               Hex/Air        35%        N/A       11%         5

Your spell library contained the following spells:

 Spells                   Type           Power      Damage    Failure   Level
 Summon Small Mammal      Summ           100%       N/A       0%          1
 Call Imp                 Summ           100%       N/A       0%          2
 Apportation              Tloc           100%       N/A       1%          1
 Slow                     Hex            100%       N/A       1%          1
 Static Discharge         Conj/Air       100%       2-7/arc   1%          2
 Summon Ice Beast         Ice/Summ       79%        N/A       1%          4
 Portal Projectile        Hex/Tloc       100%       N/A       2%          3
 Confusing Touch          Hex            58%        N/A       3%          3
 Tukima's Dance           Hex            58%        N/A       3%          3
 Ensorcelled Hibernation  Hex/Ice        84%        N/A       4%          2
 Mephitic Cloud           Conj/Pois/Air  50%        N/A       6%          3
 Beastly Appendage        Tmut           44%        N/A       8%          1
 Kiss of Death            Conj/Necr      88%        2d12      8%          1
 Magic Dart               Conj           88%        1d7       8%          1
 Necrotise                Necr           88%        1d8       8%          1
 Sandblast                Erth           44%        2d11      8%          1
 Dazzling Flash           Conj/Hex       84%        N/A       10%         3
 Passwall                 Tmut/Erth      18%        N/A       12%         2
 Scorch                   Fire           44%        2d7       12%         2
 Searing Ray              Conj           44%        2d6       12%         2
 Wereblood                Tmut           22%        N/A       12%         2
 Cause Fear               Hex            29%        N/A       12%         4
 Hailstorm                Conj/Ice       22%        3d7       24%         3
 Ozocubu's Armour         Ice            22%        N/A       24%         3
 Spider Form              Tmut/Pois      22%        N/A       24%         3
 Stone Arrow              Conj/Erth      44%        3d9       24%         3
 Vampiric Draining        Necr           22%        2d7       24%         3
 Arcjolt                  Conj/Air       30%        1d40      28%         5
 Lightning Bolt           Conj/Air       30%        1d47      28%         5
 Anguish                  Hex/Necr       21%        N/A       30%         4
 Fulminant Prism          Conj/Hex       21%        3d12      30%         4
 Leda's Liquefaction      Hex/Erth       21%        N/A       30%         4
 Freezing Cloud           Conj/Ice/Air   25%        6-21      50%         5
 Dispel Undead            Necr           22%        3d12      61%         4
 Flame Wave               Conj/Fire      22%        2d8       61%         4
 Yara's Violent Unravell  Hex/Tmut       21%        3d10      65%         5
 Conjure Ball Lightning   Conj/Air       30%        3x3d10    83%         6
 Spellforged Servitor     Conj/Summ      39%        N/A       86%         7
 Agony                    Necr           22%        N/A       91%         5
 Alistair's Intoxication  Tmut/Pois      14%        N/A       91%         5
 Blade Hands              Tmut           11%        N/A       91%         5
 Borgnjor's Vile Clutch   Necr/Erth      11%        N/A       91%         5
 Fireball                 Conj/Fire      11%        3d7       91%         5
 Iskenderun's Battlesphe  Conj           22%        2d8       91%         5
 Lee's Rapid Deconstruct  Erth           11%        3d8*      91%         5
 Eringya's Noxious Bog    Tmut/Pois      11%        N/A       100%        6
 Iron Shot                Conj/Erth      11%        9d3       100%        6
 Statue Form              Tmut/Erth      14%        N/A       100%        6
 Dragon Form              Tmut           11%        N/A       100%        7
 Orb of Destruction       Conj           11%        9d6       100%        7
 Ozocubu's Refrigeration  Ice            11%        4d9       100%        7
 Lehudib's Crystal Spear  Conj/Erth      11%        10d4      100%        8
 Maxwell's Capacitive Co  Air            41%        ∞         100%        8


Dungeon Overview and Level Annotations

Branches:
Dungeon (15/15)            Temple (1/1) D:7            Lair (5/5) D:8
  Swamp (4/4) Lair:3       Spider (4/4) Lair:2        Slime (5/5) Lair:5
    Orc (2/2) D:11            Elf (3/3) Orc:2        Vaults (4/5) D:13
  Crypt (3/3) Vaults:3       Tomb (0/3) Crypt:3      Depths (0/4) D:15
Ossuary (visited)           IceCv (visited)         Gauntlet (visited)

Altars:
Ashenzari
Cheibriados
Dithmenos
Elyvilon
Fedhas
Gozag
Hepliaklqana
Kikubaaqudgha
Makhleb
Nemelex Xobeh
Okawaru
Qazlal
Ru
Sif Muna
Trog
Uskayaw
Vehumet
Wu Jian
Xom
Yredelemnul
Zin
The Shining One
Jiyva

Shops:
D:5 *   D:9 ***(*((   D:10 ?   D:11 =*[(   D:12 [   D:14 ![=:?   Orc:2 [**![
Elf:1 [   Vaults:1 [

Annotations:
D:6 exclusion: downstairs
D:12 exclusion: downstairs
Lair:4 exclusion: downstairs
Slime:5 Royal Jelly


Innate Abilities, Weirdness & Mutations

Your serpentine skin is tough. (AC +8)
You have supernaturally acute eyesight. (SInv)
Armour fits poorly on your strangely shaped body.
Your system is resistant to poisons. (rPois)
You cover ground very slowly.
You can spit poison.
You can use your snake-like lower body to constrict enemies.
Your mind is acute. (Int +4, Str/Dex -1)
Your flesh is cold resistant. (rC+)
You are frail. (-10% HP)
Your movements are slightly less encumbered by armour. (ER -2)


Message History

The emperor scorpion poisons you! The emperor scorpion barely misses you.
The emperor scorpion claws you but does no damage.
You feel much better.
* * * LOW HITPOINT WARNING * * *
You feel extremely sick.
The emperor scorpion stings you but does no damage.
You block the emperor scorpion's attack. x2
The emperor scorpion misses you.
The emperor scorpion claws you but does no damage.
The emperor scorpion claws you.
* * * LOW HITPOINT WARNING * * *
You block the emperor scorpion's attack.
The emperor scorpion claws you but does no damage. x2
The emperor scorpion stings you!
* * * LOW HITPOINT WARNING * * *
You are more poisoned.
The emperor scorpion poisons you! The emperor scorpion barely misses you.
You block the emperor scorpion's attack.
The royal mummy hits you but does no damage.
The vampire knight hits you but does no damage.
You are more poisoned.
The vampire knight bites you but does no damage.
You block the emperor scorpion's attack. x2
The emperor scorpion completely misses you.
The emperor scorpion stings you but does no damage.
The emperor scorpion claws you but does no damage.
The emperor scorpion barely misses you.
The emperor scorpion closely misses you.
The emperor scorpion claws you. Elyvilon protects you from harm!
The emperor scorpion closely misses you.
You block the emperor scorpion's attack.
The emperor scorpion claws you but does no damage.
The emperor scorpion claws you. Elyvilon protects you from harm!
The emperor scorpion stings you but does no damage.
The emperor scorpion claws you but does no damage. x2
The mummy completely misses you.
You feel much better.
You die...

#.........######.....#
###... ##'#'#'#'##
#.....###.....
#.#.#.#.#######.....##....##
##########..........#....##.
#......#..####.....
########......#..#..##....
..............#..'...#####
........Mss...#..#...#....
#######.s@s...#..##..##!..
#.....#.VsM.......#...###.
#.....#...........##....##
#.....#....#######.##.....
#....(#....# #.####...
#....[#....# #.# ####
#...M.'....# #.# ##
#.....#....#######.# #.
##'####........?...######.


You could see a royal mummy, 5 emperor scorpions, a vampire knight and a mummy.

Vanquished Creatures
  A dread lich (Vaults:2)
  Khufu (Crypt:3)
  Mennas (Vaults:4)
  2 royal mummies (Crypt:3)
  Vv (Crypt:2)
  Margery (Crypt:3)
  Zenata (Crypt:1)
  4 liches
  4 deep elf blademasters
  2 ancient champions (Crypt:3)
  9 acid blobs
  3 sphinxes
  The ghost of ASSMAN the Slayer, an adept DrWr of Zin (Swamp:2)
  A deep elf master archer (Elf:3)
  Gastronok (D:8)
  A tengu reaver (Vaults:4)
  A thorn hunter (Swamp:2)
  4 revenants
  Roxanne (D:14)
  4 rockslimes
  3 deep elf sorcerers (Elf:3)
  6 emperor scorpions
  A frost giant (IceCv)
  2 azure jellies
  17 vault wardens
  5 ghost moths
  3 curse skulls
  8 ghouls
  A broodmother (shapeshifter) (D:15)
  3 deep elf elementalists (Elf:3)
  A broodmother (Spider:2)
  2 reapers
  9 very ugly things
  4 quicksilver oozes
  A stone giant (D:15)
  16 ironbound preservers
  10 deep elf demonologists
  2 vampire knights
  8 ironbound thunderhulks
  Nessos (D:14)
  6 deep elf annihilators
  7 eleionomae
  3 spark wasps
  4 dire elephants (Vaults:1)
  6 bunyips
  7 deep elf death magi
  A crystal guardian (Vaults:4)
  6 yaktaur captains
  6 deep elf high priests
  2 fire dragons (Swamp:4)
  9 great orbs of eyes
  13 jiangshi
  7 mummy priests (Crypt:3)
  4 entropy weavers
  2 spriggan zombies (Crypt:1)
  3 peacekeepers
  9 vault guards
  16 hydras
  A ghost crab (Swamp:3)
  3 radroaches
  A spriggan skeleton (Crypt:1)
  An ogre mage (Orc:2)
  4 catoblepae
  13 ironbound frosthearts
  A jorogumo (Spider:3)
  A rakshasa (D:15)
  21 centaur warriors
  20 dancing weapons
  4 death knights
  14 boulder beetles
  6 vampire magi
  5 tengu warriors
  11 two-headed ogres
  21 death yaks
  6 alligators
  An orc high priest (Orc:2)
  Urug (Orc:1)
  19 deep elf knights
  5 hell knights (Crypt:3)
  A soul eater (Crypt:1)
  2 shadow wraiths (Crypt:2)
  3 goliath frogs
  2 fire crabs (Swamp:4)
  10 skeletal warriors
  11 spriggan druids
  30 deep trolls
  6 pharaoh ants
  9 orb spiders
  9 bog bodies
  8 swamp dragons
  6 sun moths
  5 steelbarb worms
  A flayed ghost (Crypt:1)
  2 glowing orange brains
  5 phantasmal warriors
  7 deep elf archers
  15 ironbound convokers
  A steelbarb worm (shapeshifter) (D:15)
  4 necromancers
  5 wizards
  6 lindwurms (Vaults:1)
  3 orc knights
  18 wolf spiders
  A wolf spider zombie (Crypt:3)
  27 deep elf zephyrmancers
  2 harpies
  29 ugly things
  29 deep elf pyromancers
  3 shining eyes (Slime:1)
  2 moths of wrath (Spider:4)
  An orc sorcerer (Orc:1)
  4 cyclopes
  4 elephants (Lair:5)
  A fire giant skeleton (Crypt:2)
  A manticore (D:15)
  8 cane toads
  5 black mambas
  A smoke demon (Gauntlet)
  13 vault sentinels
  An eye of devastation (Slime:4)
  6 demonic crawlers
  3 torpor snails
  6 rime drakes
  2 efreet
  2 minotaur zombies (Crypt:2)
  A yaktaur (shapeshifter) (D:15)
  14 komodo dragons
  2 unseen horrors
  3 tengu conjurers
  3 freezing wraiths
  26 yaktaurs
  An unseen horror skeleton (Crypt:2)
  37 guardian mummies (Crypt:3)
  A red devil (Gauntlet)
  7 trolls
  2 meliai
  A queen bee (Lair:2)
  2 iron troll skeletons (Crypt:3)
  7 polar bears
  5 tyrant leeches
  14 hornets
  12 blink frogs
  Prince Ribbit (D:5)
  An ettin zombie (Crypt:3)
  10 dream sheep
  19 tarantellas
  11 flying skulls
  2 water elementals
  9 spriggans
  17 jumping spiders
  Sigmund (D:2)
  An air elemental (Elf:2)
  18 culicivoras
  69 slime creatures
  A shadow (D:13)
  3 wraiths
  5 wyverns
  7 ushabtiu (Crypt:3)
  A vampire (D:10)
  15 yaks
  A spriggan (shapeshifter) (D:14)
  2 fire elementals
  2 basilisks
  2 chaos spawn (Gauntlet)
  6 golden eyes
  A golden eye (shapeshifter) (D:15)
  2 steam dragons
  41 redbacks
  7 vampire mosquitoes
  A faun zombie (Crypt:1)
  6 wargs
  2 demonspawn zombies (Crypt:2)
  13 swamp worms
  2 acid dragons (D:10)
  Edmund (D:4)
  A merfolk zombie (Crypt:3)
  A glowing shapeshifter skeleton (Crypt:1)
  10 water moccasins
  10 orc warriors
  A sky beast (D:8)
  6 swamp drakes (Swamp:4)
  An ice beast (D:6)
  17 ogres
  3 boggarts (Vaults:1)
  17 wolves
  8 centaurs
  A draconian zombie (Crypt:2)
  2 phantoms
  6 bullfrogs
  3 kobold brigands
  2 wyvern zombies (Crypt:3)
  6 necrophages
  A scorpion (D:4)
  A gnoll sergeant (D:8)
  4 water moccasin zombies (Ossuary)
  18 wights
  23 killer bees
  3 nameless horrors
  A troll skeleton (Crypt:1)
  An electric eel (Lair:3)
  A howler monkey (D:11)
  A wolf zombie (Crypt:3)
  2 crimson imps (Gauntlet)
  9 orc priests
  2 hounds
  A jelly (D:8)
  4 iguanas
  19 orc wizards
  2 hell rats (Lair:2)
  16 mummies
  8 gnolls
  5 adders
  7 river rats (Lair:2)
  8 white imps
  2 adder zombies (Ossuary)
  An iguana zombie (Crypt:3)
  A jelly zombie (Crypt:1)
  A lava snake skeleton (Crypt:1)
  An iguana skeleton (Crypt:2)
  2 dart slugs (D:2)
  54 orcs
  3 bats
  7 endoplasms
  A gnoll zombie (Ossuary)
  5 goblins
  2 hobgoblins
  3 jackals
  7 quokkas
  8 ball pythons
  3 frilled lizards
  2 hobgoblin zombies (Ossuary)
  A jackal skeleton (Crypt:2)
  12 kobolds
  2 kobold zombies (Ossuary)
  5 orc zombies
  3 rats
1513 creatures vanquished.

Vanquished Creatures (collateral kills)
  The ghost of FallingFreak the Slayer, an adept OgWr of the Shining One (Elf:3)
  A Brimstone Fiend (Spider:4)
  4 acid blobs
  A sphinx (Crypt:3)
  Frances (D:13)
  A rockslime (Slime:5)
  Donald (Swamp:2)
  2 deep elf sorcerers (Elf:3)
  2 emperor scorpions (Spider:4)
  A quicksilver ooze (Slime:5)
  3 ironbound preservers
  A very ugly thing (Vaults:4)
  A war gargoyle (Vaults:4)
  An ironbound thunderhulk (Vaults:1)
  An eleionoma (Swamp:2)
  2 dire elephants (Vaults:1)
  A bunyip (Swamp:2)
  A fire dragon (Swamp:4)
  2 vault guards
  An entropy weaver (Vaults:4)
  A ghost crab (Swamp:3)
  2 deep elf high priests (Elf:3)
  A jorogumo (Spider:4)
  2 hydras (Swamp:4)
  Erica (Lair:2)
  A centaur warrior (D:15)
  5 dancing weapons
  A death knight (Crypt:2)
  A boulder beetle (Spider:3)
  2 two-headed ogres
  A tengu warrior (D:15)
  A deep troll shaman (Lair:5)
  2 deep elf knights
  A shadow wraith (Crypt:3)
  A sun moth (Spider:3)
  3 goliath frogs
  4 orb spiders (Spider:4)
  A glowing orange brain (Slime:4)
  5 deep trolls
  A wizard (Vaults:4)
  A spriggan druid (Swamp:2)
  A swamp dragon (Swamp:4)
  4 deep elf archers
  A flayed ghost (Crypt:1)
  A deep elf zephyrmancer (Elf:1)
  A necromancer (Vaults:3)
  2 steelbarb worms
  A deep elf pyromancer (Elf:2)
  3 ironbound convokers (Vaults:4)
  A cyclops (D:13)
  An oklob plant (Lair:5)
  2 manticores (D:15)
  3 shining eyes
  5 ugly things
  2 wolf spiders
  A dire elephant zombie (Crypt:2)
  An ice statue (IceCv)
  2 vault sentinels
  3 torpor snails
  2 rime drakes
  A cane toad (Lair:2)
  A yaktaur (Vaults:4)
  A freezing wraith (Crypt:1)
  A komodo dragon (Lair:2)
  2 guardian mummies (Crypt:3)
  3 trolls (Orc:2)
  4 meliai
  2 polar bears (IceCv)
  6 blink frogs
  5 hornets
  8 dream sheep
  2 tarantellas
  12 slime creatures
  4 culicivoras
  A flying skull (Crypt:3)
  6 jumping spiders
  A fire dragon skeleton (Crypt:1)
  4 spriggans
  A shadow (D:13)
  A yak (D:9)
  2 golden eyes
  A basilisk (Lair:1)
  A neqoxec (Gauntlet)
  14 redbacks
  2 vampire mosquitoes
  4 swamp worms
  3 water moccasins
  3 swamp drakes (Swamp:4)
  4 ogres
  6 wolves
  2 bullfrogs
  A scorpion (D:4)
  2 water moccasin zombies (Ossuary)
  2 wights
  3 killer bees (Lair:2)
  A howler monkey (D:11)
  A lava snake (Swamp:4)
  A hound (D:4)
  A jelly (D:4)
  2 orc priests
  Ijyb (D:4)
  Terence (D:2)
  4 orc wizards
  A nameless horror (Swamp:2)
  2 gnolls (D:7)
  3 adders
  7 white imps (D:12)
  A worm (D:3)
  A dart slug (D:4)
  14 orcs
  2 bats (D:1)
  2 giant cockroaches
  2 goblins
  3 hobgoblins
  4 jackals
  2 ball pythons
  A frilled lizard (D:2)
  5 hobgoblin zombies (Ossuary)
  2 kobolds
  2 kobold zombies (Ossuary)
  An orc zombie (Ossuary)
  A rat (D:1)
288 creatures vanquished.

Vanquished Creatures (others)
  A vampire knight (Crypt:3)
  A minotaur (Gauntlet)
  A deep elf death mage (Elf:1)
  An entropy weaver (Vaults:2)
  Harold (Lair:2)
  A hydra (Lair:2)
  An ogre mage (Orc:2)
  A dancing weapon (Elf:2)
  2 two-headed ogres
  5 death yaks
  2 deep elf knights (Elf:2)
  A lindwurm (Swamp:4)
  2 ironbound convokers (Vaults:3)
  A deep elf zephyrmancer (Elf:2)
  A wolf spider (Spider:3)
  A deep elf pyromancer (Elf:1)
  2 ugly things
  A cyclops (D:15)
  Joseph (D:8)
  3 bloated husks
  A wolf spider simulacrum (D:15)
  6 trolls
  A culicivora (Spider:3)
  A slime creature (Vaults:1)
  4 yaks
  2 wyverns
  A steam dragon (Swamp:4)
  A chaos spawn (Gauntlet)
  A redback (Vaults:2)
  2 swamp drakes (Swamp:4)
  3 orc warriors
  2 ogres (Orc:2)
  A centaur (D:10)
  3 wolves (Lair:1)
  3 wights (D:8)
  8 killer bees
  A gnoll bouda (D:7)
  Crazy Yiuf (D:2)
  An orc priest (D:10)
  An orc wizard (D:8)
  An orc (D:4)
  An endoplasm (D:4)
  A hobgoblin (D:4)
  3 briar patches (Swamp:2)
  20 demonic plants (Gauntlet)
  50 fungi
  36 plants
  3 withered plants (Gauntlet)
189 creatures vanquished.

Grand Total: 1990 creatures vanquished

Notes
Turn   | Place    | Note
-------+----------+-------------------------------------------
     0 | D:1      | browni3141 the Naga Summoner began the quest for the Orb.
     0 | D:1      | Reached XP level 1. HP: 15/15 MP: 3/3
    61 | D:1      | Reached skill level 1 in Fighting
   323 | D:1      | Reached XP level 2. HP: 25/25 MP: 3/5
   419 | D:1      | Learned a level 2 spell: Call Imp
  1072 | D:2      | Noticed Sigmund
  1140 | D:2      | Killed Sigmund
  1141 | D:2      | Reached skill level 5 in Summonings
  1141 | D:2      | Reached XP level 3. HP: 16/32 MP: 0/7
  1141 | D:2      | Reached XP level 4. HP: 19/39 MP: 0/8
  1141 | D:2      | Reached XP level 5. HP: 22/45 MP: 0/9
  1145 | D:2      | Learned a level 3 spell: Call Canine Familiar
  1149 | D:2      | Learned a level 3 spell: Summon Guardian Golem
  1234 | D:2      | Identified the +3 ring mail of Subjectivity {rElec rF-
                  | SInv}
  1270 | D:2      | Identified the +3 ring mail "Nuguttu" {rF+++ rCorr MP-9
                  | Stlth-}
  1799 | D:2      | Noticed Terence
  1811 | D:2      | Killed Terence
  1873 | D:2      | Found a runed translucent door.
  1874 | D:2      | Noticed Crazy Yiuf
  1943 | D:2      | Killed Crazy Yiuf
  1944 | D:2      | Reached XP level 6. HP: 52/52 MP: 6/10
  3051 | D:4      | Noticed Ijyb
  3053 | D:4      | Reached skill level 1 in Ranged Weapons
  3067 | D:4      | Killed Ijyb
  3100 | D:4      | Reached XP level 7. HP: 33/61 MP: 4/11
  3203 | D:4      | Found a sand-covered staircase.
  3209 | D:4      | Identified the +10 trident of the Dark Horse {heavy, rN+
                  | Int+4}
  3214 | Ossuary  | Entered an ossuary
  3259 | Ossuary  | Reached skill level 1 in Polearms
  3452 | Ossuary  | Reached XP level 8. HP: 63/73 MP: 12/12
  3800 | D:4      | Found a radiant altar of Vehumet.
  3851 | D:4      | Noticed Edmund
  3862 | D:4      | Killed Edmund
  3968 | D:4      | Reached skill level 5 in Fighting
  4107 | D:4      | Reached skill level 5 in Polearms
  4673 | D:5      | Entered Level 5 of the Dungeon
  4729 | D:5      | Noticed Prince Ribbit
  4737 | D:5      | Killed Prince Ribbit
  5166 | D:5      | Found Tayhit's Overcharged Wands.
  5256 | D:5      | Reached XP level 9. HP: 81/81 MP: 13/13
  5337 | D:5      | Found a basalt altar of Yredelemnul.
  6167 | D:6      | Found a sacrificial altar of Ru.
  6301 | D:6      | Identified the +0 short sword "Muuwnatt" {antimagic, Drain
                  | rPois Int+9 Stlth+}
  7077 | D:7      | Found a white marble altar of Elyvilon.
  7089 | D:7      | Reached skill level 10 in Polearms
  7398 | D:7      | Found a staircase to the Ecumenical Temple.
  7838 | D:8      | Reached XP level 10. HP: 66/88 MP: 10/14
  7851 | D:7      | HP: 4/87 [wight/+0 falchion (10)]
  8113 | D:8      | Found a staircase to the Lair.
  8170 | D:8      | Noticed Gastronok
  8189 | D:8      | Noticed Joseph
  8200 | D:8      | Killed Gastronok
  8209 | D:8      | Killed Joseph
  8210 | D:8      | Reached XP level 11. HP: 39/94 MP: 15/15
  8216 | Lair:1   | Entered Level 1 of the Lair of Beasts
  8586 | D:8      | Reached skill level 1 in Translocations
  8680 | D:8      | Found a glowing golden altar of the Shining One.
  8921 | D:9      | Found Arein's Weapon Boutique.
  9076 | D:9      | Bought 6 curare-tipped darts for 93 gold pieces
  9156 | D:9      | Found Unaihor's Weapon Shoppe.
  9357 | D:9      | Found Ziciax's Changing Room.
  9397 | D:9      | Found Hazaa's Lightly-Used Armoury.
  9399 | D:9      | Found a hazy altar of Hepliaklqana.
  9453 | D:9      | Found Uweapr Pood's Assorted Antiques.
  9537 | D:9      | Found Jedasip's Weapon Shoppe.
  9581 | D:9      | Found a shimmering altar of Xom.
  9840 | D:9      | Found Roppaerch's Assorted Antiques.
  9870 | Temple   | Entered the Ecumenical Temple
  9918 | D:7      | Became a worshipper of Elyvilon the Healer
  9972 | D:9      | Bought a distressingly furry leather armour for 196 gold
                  | pieces
  9972 | D:9      | Identified the +2 leather armour of Integrity {Rampage rF-
                  | rC+} (You bought it in a shop on level 9 of the Dungeon)
 10029 | D:6      | Learned a level 4 spell: Passage of Golubria
 10091 | D:10     | Entered Level 10 of the Dungeon
 10466 | D:10     | Found Lusuh's Magic Scroll Shoppe.
 10532 | D:10     | Reached * piety under Elyvilon
 10548 | D:10     | Reached skill level 1 in Shields
 11174 | D:10     | Noticed an orc knight
 11185 | D:10     | Noticed a two-headed ogre
 11189 | D:10     | Noticed a skeletal warrior
 11192 | D:10     | Noticed a boulder beetle
 11193 | D:10     | Killed an orc knight
 11194 | D:10     | Reached skill level 5 in Translocations
 11194 | D:10     | Was placed under penance by Elyvilon
 11196 | D:10     | Killed a two-headed ogre
 11343 | D:11     | Found Welocaun's Jewellery Shop.
 11349 | D:11     | Bought the ring of Fragile Peace {MP-9 Int+6 Dex+6} for 403
                  | gold pieces
 11375 | D:11     | Found Sangyig's Antique Armour Emporium.
 11437 | D:11     | Noticed a purple ugly thing
 11548 | D:11     | Killed a purple ugly thing
 11548 | D:11     | Noticed a two-headed ogre
 11584 | D:11     | Noticed a cyclops
 11658 | D:11     | Found Zigogy's Assorted Antiques.
 11721 | D:11     | Killed a cyclops
 11722 | D:11     | Reached XP level 12. HP: 103/103 MP: 6/17
 11771 | D:11     | Was forgiven by Elyvilon
 11818 | D:11     | Found Zocell's Weapon Boutique.
 12082 | D:11     | Found a staircase to the Orcish Mines.
 12125 | D:11     | Killed a two-headed ogre
 12416 | D:11     | Learned a level 4 spell: Summon Lightning Spire
 12634 | Lair:1   | Reached skill level 1 in Air Magic
 12973 | Lair:1   | Reached ** piety under Elyvilon
 13947 | Lair:2   | Noticed Erica
 13959 | Lair:2   | Killed Erica
 13960 | Lair:2   | Reached skill level 5 in Shields
 13960 | Lair:2   | Reached skill level 5 in Spellcasting
 13960 | Lair:2   | Reached *** piety under Elyvilon
 14104 | Lair:2   | Reached skill level 1 in Invocations
 14378 | Lair:2   | Reached skill level 10 in Summonings
 14480 | Lair:2   | Found a hole to the Spider Nest.
 14714 | Lair:2   | Identified the ring "Gatrol" {rC- AC+4 Str+3 Dex+4}
 14714 | Lair:2   | Noticed Harold
 14733 | Lair:2   | Killed Harold
 14865 | Lair:2   | Noticed a catoblepas
 14883 | Lair:2   | Killed a catoblepas
 15069 | Lair:2   | Gained mutation: You can use your snake-like lower body to
                  | constrict enemies. [Naga growth]
 15069 | Lair:2   | Reached XP level 13. HP: 109/109 MP: 12/23
 15286 | Lair:2   | Reached skill level 5 in Invocations
 15797 | Lair:2   | Found a hole to the Spider Nest.
 16857 | D:11     | Bought a pair of heavily runed gloves for 199 gold pieces
 16857 | D:11     | Identified the +4 pair of gloves "Zeiczoonor" {Str+4 Dex+3}
                  | (You bought it in a shop on level 11 of the Dungeon)
 16902 | D:12     | Identified the +0 short sword of Obsession {flame, rN+
                  | Dex+4}
 16917 | D:12     | Found Emelucwenk's Armour Shop.
 17045 | D:12     | Found a frozen archway.
 17069 | IceCv    | Entered an ice cave
 17069 | IceCv    | Reached **** piety under Elyvilon
 18231 | IceCv    | Noticed a frost giant
 18239 | IceCv    | Killed a frost giant
 19396 | Lair:3   | Reached ***** piety under Elyvilon
 19681 | Lair:3   | Reached XP level 14. HP: 104/117 MP: 17/26
 19818 | Lair:3   | Found a staircase to the Swamp.
 21458 | Lair:4   | Reached skill level 5 in Dodging
 21939 | Lair:5   | Entered Level 5 of the Lair of Beasts
 22362 | Lair:5   | Reached ****** piety under Elyvilon
 22991 | Lair:5   | Reached XP level 15. HP: 136/136 MP: 18/27
 23012 | Lair:5   | Got the Grimoire of the Four Nightingales
 23290 | Lair:5   | Found a staircase to the Slime Pits.
 23681 | D:12     | Bought the +0 mask of the Dragon {Will+ Slay+3 SInv} for
                  | 567 gold pieces
 23681 | D:12     | Found the +0 mask of the Dragon {Will+ Slay+3 SInv}
 23737 | Orc:1    | Entered Level 1 of the Orcish Mines
 23753 | Orc:1    | Noticed Urug
 23766 | Orc:1    | Killed Urug
 23880 | Orc:2    | Entered Level 2 of the Orcish Mines
 23898 | Orc:2    | Found a staircase to the Elven Halls.
 23905 | Orc:2    | Reached skill level 10 in Fighting
 23949 | Orc:2    | Found Torghyle's General Store.
 23974 | Orc:2    | Was placed under penance by Elyvilon
 24061 | Orc:2    | Found a gate leading to a gauntlet.
 24070 | Gauntlet | Entered a Gauntlet
 24070 | Gauntlet | Found a transporter.
 24078 | Gauntlet | Found a transporter.
 24082 | Gauntlet | Found a transporter.
 24082 | Gauntlet | Found a transporter.
 24263 | Gauntlet | Found a transporter.
 24279 | Gauntlet | Found a transporter.
 24287 | Gauntlet | Found a transporter.
 24310 | Gauntlet | Found a transporter.
 24323 | Gauntlet | Found a transporter.
 24347 | Gauntlet | Found a transporter.
 24370 | Gauntlet | Found a transporter.
 24375 | Gauntlet | Found a transporter.
 24400 | Gauntlet | Found a transporter.
 24406 | Gauntlet | Found a transporter.
 24408 | Gauntlet | Found a transporter.
 24431 | Gauntlet | Found a transporter.
 24436 | Gauntlet | Found a transporter.
 24484 | Gauntlet | Was forgiven by Elyvilon
 24485 | Gauntlet | Found a transporter.
 24526 | Gauntlet | Gained mutation: You are vulnerable to cold. (rC-) [a
                  | neqoxec]
 24800 | Gauntlet | Identified the +1 cloak "Nevynisi" {rPois rF- rN+}
 24868 | Gauntlet | Identified the ring "Zumiga" {Fly rF+ SInv}
 25127 | Gauntlet | Identified the +5 spear "Vozxeu" {heavy, Dex+3}
 25243 | Orc:2    | Found Zekoreoh's Armour Shoppe.
 25485 | Orc:2    | Found Savitwypp's Distillery.
 25486 | Orc:2    | Found Wuanunoq's Antique Armour Boutique.
 25552 | Orc:2    | Found Agysymy's General Store.
 25690 | Orc:2    | Reached skill level 10 in Invocations
 26244 | Orc:1    | Found a burning altar of Makhleb.
 26943 | D:10     | Bought a scroll of acquirement for 780 gold pieces
 26943 | D:10     | Acquired the +1 barding of the Weaver {rElec Str+4}
 27074 | Orc:2    | Bought a spiked cloak for 199 gold pieces
 27074 | Orc:2    | Identified the +0 cloak of Poor Excuses {Slay+2} (You
                  | bought it in a shop on level 2 of the Orcish Mines)
 27231 | D:13     | You fall into a shaft and drop 1 floor!
 27340 | D:14     | Acquired 891 gold pieces
 27378 | D:14     | Found Badaf's Book Shop.
 27399 | D:14     | Reached XP level 16. HP: 152/152 MP: 12/28
 27443 | D:14     | Identified the +0 scale mail "Zaqos" {Int+8 Slay-2}
 27723 | D:14     | Found Ossaw's Jewellery Boutique.
 27731 | D:14     | Bought the ring "Zaklashi" {MP+9 Str+5 Int+3} for 657 gold
                  | pieces
 27760 | D:14     | Noticed Nessos
 27768 | D:14     | Killed Nessos
 27785 | D:14     | Reached skill level 10 in Dodging
 27935 | D:14     | Noticed Roxanne
 28137 | D:14     | Found Dack's Antique Armour Emporium.
 28152 | D:14     | Found Uzuolu Joere's Distillery.
 28340 | D:14     | Found Kyidiaz's Magic Scroll Shoppe.
 28598 | D:14     | Killed Roxanne
 28762 | D:13     | Acquired 1070 gold pieces
 28949 | D:13     | Found a gate to the Vaults.
 29194 | D:13     | Noticed Frances
 29200 | D:13     | Killed Frances
 29553 | D:15     | Entered Level 15 of the Dungeon
 30298 | D:15     | Identified the +0 spear of Discord {flame, rCorr}
 30751 | D:15     | Found a staircase to the Depths.
 30782 | D:15     | Identified the ring of Koydez {rElec rC+ rCorr Int+6 Dex+2}
 31752 | Orc:2    | Bought a scroll of blinking for 105 gold pieces
 31764 | Orc:2    | Bought the +3 scale mail of Anuffi {Regen+ Int-4 Dex+7
                  | Stlth+} for 491 gold pieces
 31776 | Orc:2    | Bought a scroll of teleportation for 42 gold pieces
 31776 | Orc:2    | Bought a scroll of poison for 56 gold pieces
 31776 | Orc:2    | Bought a phantom mirror for 560 gold pieces
 31856 | Elf:1    | Entered Level 1 of the Elven Halls
 32026 | Elf:1    | Reached XP level 17. HP: 158/165 MP: 20/29
 32039 | Elf:1    | Found Vilunn's Antique Armour Emporium.
 32451 | Orc:2    | Bought the +2 cloak "Cikkecw" {Will+ Str+4 Dex-3} for 350
                  | gold pieces
 32899 | Elf:1    | Reached skill level 1 in Armour
 33160 | Elf:1    | Reached skill level 15 in Fighting
 33160 | Elf:1    | Reached XP level 18. HP: 178/178 MP: 21/30
 33161 | Elf:1    | Reached XP level 19. HP: 186/186 MP: 22/31
 33336 | Elf:1    | Identified the +0 robe of Yredelemnul's Hope {Int+3}
 34014 | Elf:2    | Found a runed translucent gate.
 34014 | Elf:2    | Found a runed translucent gate.
 34014 | Elf:2    | Found a runed translucent gate.
 34152 | Elf:2    | Paralysed by an air elemental for 1 turns
 35278 | Elf:3    | Entered Level 3 of the Elven Halls
 35667 | Elf:3    | Noticed a Tzitzimitl
 35714 | Elf:3    | Reached XP level 20. HP: 186/193 MP: 24/33
 35805 | Elf:3    | Got the Omnibus of Injury
 35840 | Elf:3    | Identified the ring "Ukiofoh" {rC+ SInv}
 36176 | Elf:3    | Found a runed translucent door.
 36178 | Elf:3    | Noticed FallingFreak's ghost (adept OgWr)
 36358 | Elf:3    | Identified the +3 plate armour of the Hanged Man {rC+ Str+3
                  | Int-5}
 36526 | Elf:3    | Killed FallingFreak's ghost
 36686 | Elf:3    | Noticed a Tzitzimitl
 36796 | Elf:3    | Identified the +6 dagger of Truth {protect, rPois Int+2}
 36810 | Elf:3    | Reached skill level 10 in Spellcasting
 36837 | Elf:3    | Elyvilon protects you from harm!
 37145 | Elf:3    | Identified the +0 ring mail "Fugiuth" {rC++ Will- Dex+2}
 38053 | Elf:3    | Identified the +5 sling "Oqy Imun" {flame, rElec rC+ Int+2
                  | SInv}
 38326 | Spider:1 | Entered Level 1 of the Spider Nest
 38397 | Spider:1 | Reached skill level 15 in Invocations
 38526 | Spider:1 | Found the +3 crown of Dyrovepreva {rElec Int+2 SInv}
 38581 | Spider:1 | Identified the +0 robe of the Cricket {-Tele rElec Slay-6
                  | SInv}
 38586 | Spider:1 | Identified the +0 quarterstaff of the Four Shrikes {flame,
                  | rC+ Str+3 Int+3 SInv}
 39286 | Spider:1 | Learned a level 6 spell: Summon Cactus Giant
 39473 | Spider:2 | Learned a level 4 spell: Animate Armour
 40647 | Spider:3 | Identified the +5 spear of Disarray {freeze, rF+ Str+2}
 40802 | Spider:3 | Reached XP level 21. HP: 192/204 MP: 26/35
 41149 | Spider:3 | Identified the +0 robe of Proximity {rC+}
 41359 | Spider:4 | Entered Level 4 of the Spider Nest
 42953 | Spider:4 | Got a gossamer rune of Zot
 43120 | Swamp:1  | Entered Level 1 of the Swamp
 43822 | Swamp:2  | Noticed Donald
 43833 | Swamp:2  | Killed Donald
 44030 | Swamp:2  | Found a runed translucent door.
 44030 | Swamp:2  | Noticed ASSMAN's ghost (adept DrWr)
 44505 | Swamp:2  | Killed ASSMAN's ghost
 44904 | Swamp:3  | Reached XP level 22. HP: 169/210 MP: 25/36
 45068 | Swamp:4  | Entered Level 4 of the Swamp
 45589 | Swamp:4  | Got a decaying rune of Zot
 45941 | Slime:1  | Entered Level 1 of the Pits of Slime
 45947 | Slime:1  | Gained mutation: You are clumsy. (Dex -2) [a shining eye]
 46143 | Slime:1  | Gained mutation: You are occasionally teleported next to
                  | monsters. [a shining eye]
 46711 | Slime:1  | Lost mutation: You are vulnerable to cold. (rC-) [potion of
                  | mutation]
 46711 | Slime:1  | Lost mutation: You are occasionally teleported next to
                  | monsters. [potion of mutation]
 46711 | Slime:1  | Lost mutation: You are clumsy. (Dex -2) [potion of
                  | mutation]
 46711 | Slime:1  | Gained mutation: You are vulnerable to heat. (rF-) [potion
                  | of mutation]
 47027 | Slime:2  | Found a viscous altar of Jiyva.
 47279 | Slime:2  | Reached skill level 15 in Summonings
 47616 | Slime:5  | Entered Level 5 of the Pits of Slime
 47759 | Slime:5  | Gained mutation: You are occasionally teleported next to
                  | monsters. [a shining eye]
 47762 | Slime:5  | Gained mutation: You are clumsy. (Dex -2) [a shining eye]
 47981 | Slime:5  | Lost mutation: You are vulnerable to heat. (rF-) [potion of
                  | mutation]
 47981 | Slime:5  | Lost mutation: You are occasionally teleported next to
                  | monsters. [potion of mutation]
 47981 | Slime:5  | Gained mutation: You are frail. (-10% HP) [potion of
                  | mutation]
 47981 | Slime:5  | Gained mutation: You expend magic power (3 MP) to
                  | strengthen your wands. [potion of mutation]
 47982 | Slime:5  | Lost mutation: You expend magic power (3 MP) to strengthen
                  | your wands. [potion of mutation]
 47982 | Slime:5  | Lost mutation: You are clumsy. (Dex -2) [potion of
                  | mutation]
 47982 | Slime:5  | Gained mutation: Your mind is acute. (Int +4, Str/Dex -1)
                  | [potion of mutation]
 47982 | Slime:5  | Gained mutation: Your movements are slightly less
                  | encumbered by armour. (ER -2) [potion of mutation]
 47982 | Slime:5  | Gained mutation: Your flesh is cold resistant. (rC+)
                  | [potion of mutation]
 47993 | Slime:5  | Learned a level 9 spell: Dragon's Call
 47997 | Slime:5  | Learned a level 3 spell: Vhi's Electric Charge
 48603 | Slime:5  | Noticed the Royal Jelly
 49026 | Vaults:1 | Entered Level 1 of the Vaults
 49288 | Vaults:1 | Reached skill level 1 in Evocations
 49509 | Vaults:1 | Found Teseyq's Antique Armour Emporium.
 49573 | Vaults:1 | Identified the +2 robe of Lust {rF+ Regen+}
 49587 | Vaults:1 | Reached XP level 23. HP: 175/205 MP: 19/37
 49757 | Vaults:1 | Reached XP level 24. HP: 212/212 MP: 28/37
 50459 | Vaults:2 | Reached skill level 5 in Air Magic
 50460 | Vaults:2 | Noticed a dread lich
 50469 | Vaults:2 | Killed a dread lich
 50837 | Vaults:2 | Reached skill level 10 in Armour
 51311 | Vaults:2 | Reached skill level 5 in Evocations
 51672 | Vaults:3 | HP: 12/286 [ancient champion/iron shot (50)]
 51683 | Vaults:3 | Was placed under penance by Elyvilon
 51927 | Vaults:3 | Was forgiven by Elyvilon
 52126 | Vaults:3 | Reached skill level 10 in Shields
 52224 | Vaults:3 | Found a staircase to the Crypt.
 52544 | Vaults:3 | Identified the +1 cloak of Peek-a-Boo {Will+ Int+3}
 53169 | Vaults:4 | Reached XP level 25. HP: 219/219 MP: 20/37
 53476 | Vaults:4 | Noticed Mennas
 53491 | Vaults:4 | Killed Mennas
 54444 | D:14     | Bought Nonergh's Parchment of the Missiles and the Brume
                  | for 448 gold pieces
 54449 | D:14     | Learned a level 4 spell: Airstrike
 54594 | Crypt:1  | Entered Level 1 of the Crypt
 54645 | Crypt:1  | Noticed Zenata
 54666 | Crypt:1  | Killed Zenata
 55340 | Crypt:1  | You fall into a shaft and drop 1 floor!
 55430 | Crypt:2  | Noticed Vv
 55473 | Crypt:2  | Killed Vv
 56617 | Crypt:3  | Entered Level 3 of the Crypt
 57377 | Crypt:3  | Noticed a royal mummy
 57463 | Crypt:3  | Found an ancient bone altar of Kikubaaqudgha.
 57589 | Crypt:3  | Killed a royal mummy
 57855 | Crypt:3  | Noticed Margery
 57866 | Crypt:3  | Reached skill level 10 in Air Magic
 57872 | Crypt:3  | Killed Margery
 57888 | Crypt:3  | Reached XP level 26. HP: 90/227 MP: 28/37
 58037 | Crypt:3  | Learned a level 5 spell: Silence
 58376 | Crypt:3  | Found a staircase to the Tomb.
 58786 | Crypt:3  | Identified the +2 battleaxe of the Warrior {spect, rPois
                  | rN+ Dex-2 SInv}
 58905 | Crypt:3  | Noticed Khufu
 58912 | Crypt:3  | Noticed a royal mummy
 59029 | Crypt:3  | Noticed a royal mummy
 59042 | Crypt:3  | Killed Khufu
 59053 | Crypt:3  | Killed a royal mummy
 59053 | Crypt:3  | HP: 14/302 [emperor scorpion[Khufu] (2)]
 59056 | Crypt:3  | HP: 4/306 [emperor scorpion[Khufu] (10)]
 59057 | Crypt:3  | Elyvilon protects you from harm!
 59057 | Crypt:3  | Elyvilon protects you from harm!
 59058 | Crypt:3  | Succumbed to a vampire knight's poison

Illustrated notes

Levels and vault maps discovered:
D:1:      dpeg_arrival_round_b, layout_loops_ring, serial_aquarium,
          aquarium_bridge_straight [aquarium_subvault_bridge,
          aquarium_subvault_window, aquarium_subvault_bridge,
          aquarium_subvault_balcony], aquarium_bridge_long_separate
          [aquarium_subvault_bridge, aquarium_subvault_window,
          aquarium_subvault_window, aquarium_subvault_bridge,
          aquarium_subvault_window, aquarium_subvault_bridge],
          aquarium_window_corridor_1, aquarium_window_1, aquarium_view_2e,
          minivault_4, nicolae_titane
D:2:      layout_basic, uniq_crazy_yiuf_cottage, uniq_terence, uniq_sigmund
D:3:      layout_loops_ring, due_unseen_surprise
D:4:      minmay_chambers_of_threes, layout_loops_ring,
          mainiacjoe_overflow_alcove_1, enter_ossuary_1, serial_aquarium,
          aquarium_bridge_straight [aquarium_subvault_bridge,
          aquarium_subvault_wall, aquarium_subvault_bridge,
          aquarium_subvault_wall], aquarium_window_corridor_3,
          aquarium_window_1, aquarium_view_2c, aquarium_view_2d,
          aquarium_pool_corner, uniq_edmund, uniq_ijyb
D:5:      layout_basic, nicolae_overflow_crystal_walls,
          nicolae_shop_overcharged_wands, uniq_prince_ribbit1
D:6:      layout_basic, amcnicky_altar_gilded, minmay_misc_feat_nine_boxes
D:7:      layout_cave_pools, mainiacjoe_overflow_paths,
          minmay_temple_entry_from_below_a, serial_glass, glass_columns_a,
          glass_columns_b
D:8:      layout_rooms, tso_altar, erik_lair_orcish_takeover, grunt_ogre_cave,
          mrwooster_statue_mirror, uniq_joseph, uniq_gastronok
D:9:      layout_roguey, mainiacjoe_overflow_alcove_2,
          overflow_temple_1_default, serial_shops, nicolae_shop_waterfront,
          shop, nicolae_shop_waterfront, kennysheep_mini, shop,
          minmay_shop_damaged, grunt_ministairs_7, minmay_misc_feat_five,
          dreamdust_wishing_well, nicolae_transmutations_shop
D:10:     minmay_chambers_of_sevens, layout_stronghold, serial_shops,
          nicolae_shop_statue_plus, minmay_orc_keep
D:11:     layout_basic, hiddenorc1_lemuel, serial_shops, shop,
          nicolae_square_shop, nicolae_diamond_shop,
          nicolae_shop_overgrown_old_shop
D:12:     layout_rooms, portal_ice_cave_entry_imps, serial_shops,
          nicolae_shop_advertising_works [nicolae_subvault_shop_adworks]
D:13:     layout_cave_pools, lightli_vaults_fourway_checkpoint, uniq_frances
D:14:     layout_irregular_city, serial_shops, nicolae_shop_behind_doors, shop,
          nicolae_shop_statue_plus, nicolae_shop_crystal, nicolae_shop_trees,
          uniq_roxanne, uniq_nessos
D:15:     grunt_enter_depths_snipers, layout_rooms, minivault_27,
          minmay_the_grid_square_5x5_3x3_mashed
          [minmay_the_grid_square_5x5_fancy_junction,
          minmay_the_grid_square_5x5_c, minmay_the_grid_square_5x5_two_small,
          minmay_the_grid_square_5x5_percent,
          minmay_the_grid_square_5x5_megaprize_diamond,
          minmay_the_grid_square_5x5_six_small,
          minmay_the_grid_square_5x5_corner,
          minmay_the_grid_square_5x5_three_small,
          minmay_the_grid_square_5x5_half_checkered]
Temple:   minmay_freezing_vapour_temple
Lair:1:   layout_chaotic_city
Lair:2:   layout_layer_cave, hellmonk_spider_entry_not_the_bees, special_room
          [special_room_bee], kennysheep_rathole, uniq_erica, uniq_harold
Lair:3:   layout_layer_cave, nicolae_swamp_entry_splash_gauntlet
Lair:4:   layout_layer_cave
Lair:5:   grunt_lair_end_beastmaster, layout_misc_corridors,
          minmay_slime_entry_oklob_enclosed, serial_bayou_shore_a
Swamp:1:  layout_falls_marsh, evilmike_swamp_ruin_house_6
Swamp:2:  layout_basic_swamp, hellmonk_ghost_happy_afterlife,
          evilmike_swamp_ruin_rubble_1, uniq_donald
Swamp:3:  layout_falls_marsh, evilmike_swamp_ruin_house_4
Swamp:4:  swamp_fiery, layout_basic_swamp
Spider:1: nicolae_spider_mines_3
Spider:2: layout_spider_delve, nicolae_spider_webbed_stairs
Spider:3: nicolae_spider_hall_of_the_moth_king, spiders_nest_spider_trap
Spider:4: spider_rune_water
Slime:1:  layout_caves
Slime:2:  layout_caves, basic_altar
Slime:3:  layout_caves
Slime:4:  layout_caves
Slime:5
Orc:1:    layout_caves, bloody_makhleb, uniq_urug
Orc:2:    st_orc_open, layout_diamond_mine, serial_shops, shop,
          gauntlet_entry_generic, kennysheep_orc_chapel
Elf:1:    elf_arrival_001, layout_loops_corners, serial_shops,
          nicolae_shop_statue_plus, hangedman_elven_crosses_minicolossus,
          hangedman_glass_teeth
Elf:2:    nicolae_elf_blades_splatter_lattice [nicolae_blade_lattice],
          layout_geoelf_octagon, minmay_strange_pillars, lemuel_elevator
Elf:3:    minmay_elf_hall_not_hex, layout_rooms, ebering_ghost_reflecting_pool,
          minmay_elf_annihilation
Vaults:1: grunt_vaults_hallway_short, v_rooms_3, nicolae_vaults_network_star,
          hangedman_vaults_locks, grunt_vaults_trifunnel,
          ontoclasm_vaults_idyll, nicolae_vaults_three_branches,
          vaults_room_corners, v_misc_23, ontoclasm_vaults_ring_square,
          layout_vaults_big_room, serial_shops, shop
Vaults:2: hangedman_vaults_maws, ontoclasm_vaults_spin,
          ontoclasm_vaults_loading_screen, v_pattern_2, v_misc_10,
          nicolae_vaults_asterisk, vaults_mumra_chevron_long,
          hangedman_vaults_slice, nicolae_vaults_network_square,
          nicolae_vaults_murderbox, v_misc_13, nicolae_vaults_little_ls,
          nicolae_vaults_shelves_hall, vaults_room_hallway,
          layout_vaults_omnicross
Vaults:3: nicolae_vaults_network_s, minmay_crypt_entry_simple_box,
          v_alt_pattern_5, v_misc_26, nicolae_vaults_network_quincunx
          [nicolae_vaults_network_quincunx_subvault,
          nicolae_vaults_network_quincunx_subvault,
          nicolae_vaults_network_quincunx_subvault,
          nicolae_vaults_network_quincunx_subvault,
          nicolae_vaults_network_quincunx_subvault],
          nicolae_vaults_network_quinsquares
          [nicolae_vaults_network_quincunx_subvault,
          nicolae_vaults_network_quincunx_subvault,
          nicolae_vaults_network_quincunx_subvault,
          nicolae_vaults_network_quincunx_subvault],
          hangedman_vaults_corner_blocks, vaults_mumra_minichess, st_diamondy,
          vaults_room_pools, vaults_dpeg_ring, vaults_room_pools,
          nicolae_vaults_asterisk, layout_vaults_maze_snakey
Vaults:4: grunt_vaults_funnel, v_misc_14, vaults_room_fours,
          hangedman_vaults_variations, v_pattern_3, nicolae_vaults_what_the_h,
          vaults_mumra_hex, ontoclasm_vaults_loading_screen, vaults_room_pools,
          layout_vaults_ring, uniq_mennas
Crypt:1:  layout_gridlike, library_closet, uniq_zenata
Crypt:2:  layout_misc_corridors, grunt_megastairs_1, uniq_vv
Crypt:3:  church_of_pain_bobbens, layout_chaotic_city,
          tomb_entry_sphere_bobbens, uniq_margery, uniq_khufu

Skill      XL: |  1  2  3  4  5  6  7  8  9 10 11 12 13 14 15 16 17 18 19 20 21 22 23 24 25 26 |
---------------+-------------------------------------------------------------------------------+-----
Fighting       | 1 2 4 5 9 12 13 15 17 18 | 18.0
Summonings     | 5 6 8 10 11 13 16 17 18 | 18.0
Spellcasting   | 3 6 8 9 10 | 10.4
Hexes          | 2 3 4 |  4.5
Ranged Weapons | 1 2 |  2.0
Polearms       | 2 7 11 13 14 | 14.0
Translocations | 5 6 |  6.0
Shields        | 3 5 8 10 12 | 12.4
Air Magic      | 2 3 4 7 10 | 10.0
Invocations    | 4 8 10 13 16 17 18 | 18.0
Dodging        | 2 7 9 12 13 14 | 14.9
Armour         | 4 6 8 9 10 | 10.0
Evocations     | 2 3 6 8 |  8.0
Stealth        | |  3.0

Action                     |  1- 3 |  4- 6 |  7- 9 | 10-12 | 13-15 | 16-18 | 19-21 | 22-24 | 25-27 || total
---------------------------+-------+-------+-------+-------+-------+-------+-------+-------+-------++-------
  Melee: Unarmed           |    13 |       |       |       |       |       |       |       |       ||    13
         Trident           |       |       |   182 |   352 |   671 |   303 |  1242 |  1141 |   881 ||  4772
         Punch             |       |       |     1 |       |       |       |       |       |       ||     1
         Constrict         |       |       |       |       |   139 |    61 |   236 |   163 |   173 ||   772
   Fire: Sling             |    73 |   167 |       |       |       |       |       |       |       ||   240
         Arbalest          |       |       |    31 |       |       |       |       |       |       ||    31
  Throw: Dart              |       |       |       |     4 |     4 |     1 |     3 |       |     1 ||    13
   Cast: Summon Small Mamm |    12 |       |     1 |       |       |       |       |       |       ||    13
         Call Imp          |     3 |     4 |     5 |       |       |       |       |       |       ||    12
         Call Canine Famil |       |    11 |    20 |    36 |    41 |    27 |    68 |    18 |     2 ||   223
         Summon Guardian G |       |     1 |    10 |    26 |    31 |    15 |     8 |    12 |     4 ||   107
         Summon Lightning  |       |       |       |     7 |    21 |    23 |    50 |    13 |    16 ||   130
         Passage of Golubr |       |       |       |     1 |       |       |       |       |       ||     1
         Animate Armour    |       |       |       |       |       |       |     4 |     5 |       ||     9
         Summon Cactus Gia |       |       |       |       |       |       |    19 |    26 |    20 ||    65
         Vhi's Electric Ch |       |       |       |       |       |       |       |     1 |       ||     1
         Airstrike         |       |       |       |       |       |       |       |       |    11 ||    11
         Silence           |       |       |       |       |       |       |       |       |     1 ||     1
 Invoke: Heal Self         |       |       |       |     1 |     3 |     1 |    11 |    10 |    11 ||    37
         Heal Other        |       |       |       |       |       |     4 |     4 |     7 |       ||    15
         Divine Vigour     |       |       |       |       |       |       |     3 |     2 |     3 ||     8
         Purification      |       |       |       |       |       |       |     1 |       |       ||     1
Ability: Spit Poison       |     2 |       |       |     2 |       |       |     1 |       |       ||     5
  Evoke: Wand              |       |       |       |    11 |     6 |     2 |       |       |     8 ||    27
         Condenser vane    |       |       |       |       |       |       |       |       |     2 ||     2
    Use: Scroll            |       |     6 |     3 |    12 |    15 |     8 |     7 |     7 |     5 ||    63
         Potion            |       |       |     1 |     6 |     5 |     2 |     5 |     4 |     7 ||    30
   Stab: Sleeping          |       |       |     5 |     5 |    13 |     3 |    10 |    25 |    15 ||    76
         Distracted        |       |       |     1 |     5 |     9 |    11 |    28 |    18 |    11 ||    83
         Fleeing           |       |       |       |     1 |       |       |       |       |       ||     1
         Petrified         |       |       |       |     2 |       |     5 |       |       |       ||     7
         Confused          |       |       |       |       |       |       |       |     1 |       ||     1
 Armour: Robe              |    14 |    37 |    21 |    82 |   173 |    66 |       |       |       ||   393
         Ring mail         |       |    26 |       |       |       |       |       |       |       ||    26
         Steam dragon scal |       |       |    21 |       |       |       |       |       |       ||    21
         Scale mail        |       |       |       |       |       |    23 |   642 |   417 |   356 ||  1438
  Dodge: Dodged            |    49 |    81 |    83 |   125 |   181 |   109 |   665 |   461 |   398 ||  2152
  Block: Buckler           |       |       |       |    60 |    12 |       |       |       |       ||    72
         Kite shield       |       |       |       |       |   245 |   162 |   789 |   384 |       ||  1580
         Tower shield      |       |       |       |       |       |       |       |   535 |  1145 ||  1680

Table legend: (Time is in decaauts)
 A = Elapsed time spent in this place.
 B = Non-inter-level travel time spent in this place.
 C = Inter-level travel time spent in this place.
 D = Time resting spent in this place.
 E = Time spent auto-exploring this place.
 F = Levels seen in this place.
 G = Mean time per level.
                   A        B        C        D        E       F      G
               +--------+--------+--------+--------+--------+-----+--------+
         Total |  72737 |  66764 |   5973 |   8145 |  44368 |  49 | 1484.4 |
       Dungeon |  22545 |  20168 |   2377 |   1966 |  14539 |  15 | 1503.0 |
        Temple |      1 |      0 |      1 |      0 |      0 |   1 |    1.0 |
          Lair |  11938 |  10935 |   1003 |    870 |   8800 |   5 | 2387.6 |
         Swamp |   3363 |   3130 |    233 |    250 |   2015 |   4 |  840.8 |
   Spider Nest |   5773 |   5425 |    348 |    745 |   3205 |   4 | 1443.2 |
    Slime Pits |   3324 |   3062 |    262 |   1060 |   1198 |   5 |  664.8 |
  Orcish Mines |   2485 |   1942 |    543 |    111 |   1380 |   2 | 1242.5 |
   Elven Halls |   7606 |   7088 |    518 |   1287 |   4318 |   3 | 2535.3 |
        Vaults |   6867 |   6437 |    430 |    351 |   4406 |   4 | 1716.8 |
         Crypt |   5436 |   5182 |    254 |    699 |   3127 |   3 | 1812.0 |
       Ossuary |    402 |    402 |      0 |      0 |    287 |   1 |  402.0 |
      Ice Cave |   1750 |   1750 |      0 |    582 |    660 |   1 | 1750.0 |
      Gauntlet |   1242 |   1242 |      0 |    222 |    429 |   1 | 1242.0 |
               +--------+--------+--------+--------+--------+-----+--------+

Top non-repeatable levels by time:
  Lair:2: 4393 daAuts
   Elf:3: 2971 daAuts
 Crypt:3: 2843 daAuts
   Elf:2: 2382 daAuts
    D:15: 2365 daAuts
   Elf:1: 2251 daAuts
    D:10: 2165 daAuts
  Lair:4: 2115 daAuts
    D:14: 2016 daAuts
  Lair:3: 1960 daAuts
Vaults:2: 1941 daAuts
Spider:4: 1925 daAuts
  Lair:5: 1902 daAuts
Vaults:3: 1813 daAuts
    D:11: 1804 daAuts
